AoeStats
← Lucas Grijander

Black Forest

510400995Analyzed
2v2 RM · 1d ago on Sep 30, 2026· 63m 58s· 4 players
Game mode
Random Map
Map size
Medium (4 player)
Population
200
Speed
Normal
Resources
Standard
Victory
Conquest
Starting age
Dark Age
Ending age
Imperial Age
RankedLock teamsTeams togetherTeam positionsShared explorationLock speedFull tech treeHidden civsTurbo modeCheats
Victory
Defeat
🇬🇧 Vikings · United Kingdom
995
+15
🇺🇸 Celts · United States
982
+17
🇧🇷 Vikings · Brazil
982
-16
🇪🇸 Saxons · Spain
978
-16
Lucas Grijander
0:46 Loom
14:52 Feudal Age
16:27 Wheelbarrow
15:57 Double-Bit Axe
20:03 Castle Age
21:48 Bow Saw
22:35 Hand Cart
22:06 Town Watch
22:46 Fishing Lines
23:51 Gillnets
25:16 Horse Collar
26:15 Heavy Plow
28:23 Stone Mining
28:25 Gold Mining
32:19 Imperial Age
29:57 Elite Skirmisher
31:02 Ballistics
30:38 Murder Holes
30:54 Masonry
30:13 Crossbowman
31:02 Thumb Ring
32:39 Gold Shaft Mining
32:36 Padded Archer Armor
32:26 Fletching
32:38 Scale Mail Armor
32:58 Arbalester
33:06 Cranequins
34:47 Crop Rotation
35:39 Leather Archer Armor
35:20 Bodkin Arrow
35:37 Forging
36:47 Chemistry
36:20 Architecture
36:18 Heavy Mounted Crossbowman
38:39 Two-Man Saw
38:26 Bracer
41:06 Husbandry
41:17 Bloodlines
40:28 Cavalier
48:25 Light Cavalry
48:50 Shield Wall
52:19 Iron Casting
58:02 Hussar
59:02 Scale Barding Armor
61:45 Caravan
Sir Tom the Tall
4:35 Loom
11:11 Feudal Age
12:01 Double-Bit Axe
12:53 Arson
12:29 Man-at-Arms
17:51 Horse Collar
18:04 Gold Mining
18:54 Padded Archer Armor
24:13 Castle Age
22:18 Scale Mail Armor
22:46 Stone Mining
23:53 Forging
25:22 Bow Saw
25:50 Gold Shaft Mining
25:18 Heavy Plow
24:42 Crossbowman
24:45 Long Swordsman
25:27 Squires
27:31 Leather Archer Armor
27:33 Chain Mail Armor
35:17 Imperial Age
32:45 Treadmill Crane
33:02 Murder Holes
33:44 Fervor
33:54 Masonry
35:24 Town Watch
36:31 Crop Rotation
37:05 Conscription
38:46 Chemistry
37:22 Elite Varangian Guard
39:34 Ring Archer Armor
40:05 Plate Mail Armor
40:12 Iron Casting
39:45 Siege Engineers
40:04 Heavy Scorpion
40:32 Capped Ram
41:45 Architecture
41:41 Ballistics
41:20 Arbalester
41:37 Two-Handed Swordsman
42:28 Onager
44:49 Elite Berserk
46:23 Elite Skirmisher
47:11 Champion
50:43 Caravan
52:26 Blast Furnace
51:33 Town Patrol
53:13 Two-Man Saw
53:09 Heated Shot
53:57 Hoardings
ScottWardo
1:09 Loom
11:10 Feudal Age
12:02 Double-Bit Axe
18:19 Castle Age
19:17 Fishing Lines
22:11 Stone Mining
21:56 Man-at-Arms
23:50 Bow Saw
23:53 Horse Collar
24:45 Gold Mining
26:29 Wheelbarrow
26:27 Gillnets
27:16 Stone Shaft Mining
27:29 Gold Shaft Mining
27:33 Heavy Plow
32:09 Imperial Age
29:38 Long Swordsman
30:05 Arson
30:48 Town Watch
32:07 Forging
31:58 Scale Mail Armor
32:53 Ballistics
33:19 Conscription
33:40 Onager
35:36 Chemistry
35:16 Hand Cart
35:20 Two-Handed Swordsman
36:28 Furor Celtica
36:36 Town Patrol
37:15 Iron Casting
36:59 Chain Mail Armor
37:56 Fortified Wall
37:43 Murder Holes
37:27 Champion
38:22 Gambesons
40:27 Siege Onager
41:10 Pikeman
43:03 Elite Woad Raider
45:12 Capped Ram
49:19 Plate Mail Armor
49:49 Blast Furnace
48:17 Halberdier
49:25 Siege Ram
54:59 Caravan
55:11 Guilds
59:58 Stronghold
60:01 Heavy Scorpion
61:41 Fletching
TheToivi
0:30 Loom
13:16 Feudal Age
18:36 Castle Age
17:00 Double-Bit Axe
27:44 Horse Collar
28:25 Scale Mail Armor
28:37 Forging
29:48 Bow Saw
29:46 Heavy Plow
40:23 Imperial Age
37:44 Town Watch
38:43 Fortified Wall
38:15 Treadmill Crane
38:45 Masonry
38:57 Ballistics
39:40 Fletching
39:52 Padded Archer Armor
39:23 Crossbowman
40:03 Gold Mining
40:04 Stone Mining
40:33 Arbalester
41:40 Conscription
41:23 Bodkin Arrow
41:46 Leather Archer Armor
42:40 Gold Shaft Mining
42:48 Bracer
43:26 Bogsveigar
45:36 Chemistry
45:09 Architecture
46:44 Ring Archer Armor
46:22 Man-at-Arms
47:03 Squires
47:21 Forging
47:27 Chain Mail Armor
47:09 Long Swordsman
48:34 Two-Handed Swordsman
49:01 Arson
49:55 Iron Casting
49:50 Plate Mail Armor
49:26 Caravan
49:19 Champion
51:18 Two-Man Saw
50:02 Capped Ram
52:20 Blast Furnace
50:45 Siege Ram
53:49 Siege Engineers
53:40 Murder Holes
55:07 Coinage
60:15 Sappers
61:22 Hoardings
64:28 Banking
Connection lost

Rejoining the realm…

Still unreachable

The connection could not be restored.

Session expired

The server has moved on; the page needs a fresh start.